 Dungeon Crawl Stone Soup version 0.21.1-1-g345015f (webtiles) character file.

147 bosm the Bolt Thrower (level 5, -4/41 HPs)
             Began as a Demonspawn Hunter on Mar 27, 2018.
             Slain by Grinder (6 damage)
             ... while paralysed by Grinder
             ... on level 3 of the Dungeon.
             The game lasted 00:13:07 (4060 turns).

bosm the Bolt Thrower (Demonspawn Hunter)           Turns: 4060, Time: 00:13:07

Health: -4/41      AC:  7    Str: 13    XL:     5   Next: 7%
Magic:  5/5        EV:  2    Int: 13    God:
Gold:   210        SH:  0    Dex: 13    Spells: 4/4 levels left

rFire    + + .     SeeInvis .     - Unarmed
rCold    + . .     Gourm    .   (no shield)
rNeg     . . .     Faith    .   g - +0 scale mail
rPois    +         Spirit   .   (helmet restricted)
rElec    +         Reflect  .   (no cloak)
rCorr    +         Harm     .   (no gloves)
MR       .....                  n - +0 pair of boots
Stlth    ..........             (no amulet)
HPRegen  0.13/turn              j - ring of flight
MPRegen  0.09/turn              (no ring)

@: paralysed, resistant, very slightly contaminated, invisible
A: claws 1, horns 1, fire resistance 1, powered by pain 1
a: Evoke Flight


You were on level 3 of the Dungeon.
You were not hungry.

You visited 1 branch of the dungeon, and saw 3 of its levels.

You collected 210 gold pieces.

Inventory:

Hand Weapons
 a - a +0 short sword
 w - a +1 hand crossbow
Missiles
 d - 4 bolts
Armour
 b - a +0 ring mail
 g - a +0 scale mail (worn)
 n - a +0 pair of boots (worn)
Jewellery
 j - a ring of flight (left claw)
Scrolls
 e - 2 scrolls of identify
 h - a scroll of enchant weapon
Comestibles
 f - 2 rations


   Skills:
 + Level 3.0 Fighting
 + Level 4.4 Crossbows
 + Level 1.7 Armour
 - Level 1.7 Dodging
 - Level 0.8 Stealth
 * Level 1.9 Unarmed Combat


You had 4 spell levels left.
You didn't know any spells.

Dungeon Overview and Level Annotations

Branches:
Dungeon (3/15)

Altars:
Ashenzari

Annotations:
D:3 Grinder; Kairos's ghost, amateur HuMo


Innate Abilities, Weirdness & Mutations

You have sharp fingernails.
You have a pair of small horns on your head.
Your flesh is heat resistant. (rF+)
You sometimes gain a little power by taking damage.


Message History

You scratch Grinder. Your headbutt misses Grinder.
Grinder is heavily wounded.
Grinder hits you but does no damage.
You barely miss Grinder. You headbutt Grinder, but do no damage.
Grinder is heavily wounded.
Grinder hits you.
You writhe in agony.
You fade into invisibility!
Grinder hits you.
* * * LOW HITPOINT WARNING * * *
You writhe in agony.
* * * LOW HITPOINT WARNING * * *
You are very lightly contaminated with residual magic.
You scratch Grinder.
Grinder is severely wounded.
Grinder gestures at you.
You suddenly lose the ability to move!
Grinder hits you.
* * * LOW HITPOINT WARNING * * *
Grinder hits you.
You die...

##.## #.#..#
####...#### #.#..#
##.........# #.#..#
.........##.######....#
###.##..5............##
#. #..###.########## #
#..# #.# #.#######5#
#.......@.# ###########


You could see Grinder.

Vanquished Creatures
  4 gnolls
  2 adders
  2 worms (D:2)
  A leopard gecko (D:2)
  5 orcs
  8 bats
  4 giant cockroaches
  13 goblins
  7 hobgoblins
  5 jackals
  A quokka (D:2)
  7 frilled lizards
  9 kobolds
  8 rats
76 creatures vanquished.

Notes
Turn   | Place    | Note
-------+----------+-------------------------------------------
     0 | D:1      | bosm the Demonspawn Hunter began the quest for the Orb.
     0 | D:1      | Reached XP level 1. HP: 16/16 MP: 1/1
   498 | D:1      | Gained mutation: Your flesh is heat resistant. (rF+) [demonic ancestry]
   498 | D:1      | Reached XP level 2. HP: 16/22 MP: 2/2
   715 | D:1      | Reached skill level 4 in Crossbows
   882 | D:1      | Reached skill level 1 in Armour
  1296 | D:2      | Gained mutation: You have a pair of small horns on your head. [demonic ancestry]
  1296 | D:2      | Reached XP level 3. HP: 28/28 MP: 3/3
  1915 | D:2      | Reached skill level 1 in Unarmed Combat
  2180 | D:2      | Gained mutation: You sometimes gain a little power by taking damage. [demonic ancestry]
  2180 | D:2      | Reached XP level 4. HP: 34/34 MP: 4/4
  2392 | D:3      | Found a shattered altar of Ashenzari.
  2662 | D:3      | Noticed Kairos's ghost (amateur HuMo)
  3001 | D:3      | Noticed Grinder
  3176 | D:3      | Paralysed by Grinder for 2 turns
  3868 | D:3      | Gained mutation: You have sharp fingernails. [demonic ancestry]
  3868 | D:3      | Reached XP level 5. HP: 26/40 MP: 5/5
  4035 | D:3      | Paralysed by Grinder for 6 turns
  4058 | D:3      | Paralysed by Grinder for 3 turns
  4059 | D:3      | HP: 2/41 [Grinder (3)]
  4060 | D:3      | Slain by Grinder

Skill      XL: |  1  2  3  4  5 |
---------------+----------------+-----
Crossbows      | 4 |  4.4
Armour         | 1 |  1.7
Unarmed Combat | 1 |  1.9
Fighting       | 3 |  3.0
Dodging        | |  1.7
Stealth        | |  0.8

Action                   |  1- 3 |  4- 6 || total
-------------------------+-------+-------++-------
Melee: Short sword       |   106 |    66 ||   172
       Headbutt          |     5 |    14 ||    19
       Unarmed           |       |    24 ||    24
 Fire: Hand crossbow     |    54 |    22 ||    76
  Use: Potion            |       |    11 ||    11
       Scroll            |       |     3 ||     3
 Stab: Sleeping          |     2 |     1 ||     3
  Eat: Chunk             |     3 |     7 ||    10
Armor: Leather armour    |    52 |    15 ||    67
       Scale mail        |       |     5 ||     5
Dodge: Dodged            |    86 |    63 ||   149
